 Dungeon Crawl Stone Soup version 0.28-a0-533-g9f97627e2a (webtiles) character file.

Game seed: 10673292396034424543

279346 porpoise the Eclecticist (level 19, -16/105 HPs)
             Began as a Deep Elf Conjurer on Sept 20, 2021.
             Was a High Priest of Vehumet.
             Shot with an arrow by a deep elf master archer (28 damage)
             ... on level 3 of the Elven Halls on Sept 26, 2021.
             The game lasted 06:06:52 (76015 turns).

porpoise the Eclecticist (Deep Elf Conjurer)       Turns: 76015, Time: 06:06:54

Health: -16/105    AC: 12    Str:  9    XL:     19   Next: 65%
Magic:  16/43      EV: 17    Int: 31    God:    Vehumet [*****.]
Gold:   921        SH: 11    Dex: 15    Spells: 4/54 levels left

rFire   + . .      SeeInvis +   a - staff of poison
rCold   . . .      Faith    .   s - +5 buckler of the Nexus {Str+2 Dex+2}
rNeg    . . .      Spirit   .   h - +1 leather armour of the Turtledove {rPois Will+}
rPois   +          Reflect  .   G - +3 crown of Dyrovepreva {rElec Int+2 SInv}
rElec   +          Harm     .   I - scarf {shadows}
rCorr   .          Rampage  .   u - +2 pair of gloves
Will    +++..                   P - +1 pair of boots {Fly}
Stlth   +++++.....              K - amulet of magic regeneration
HPRegen 0.27/turn               i - ring of protection from fire
MPRegen 0.53/turn               p - ring of willpower

@: radiating poison, flying
A: no striking features
}: 2/15 runes: serpentine, barnacled
a: Renounce Religion


You were on level 3 of the Elven Halls.
You worshipped Vehumet.
Vehumet was extremely pleased with you.
You visited 7 branches of the dungeon, and saw 35 of its levels.

You collected 4668 gold pieces.
You spent 3747 gold pieces at shops.

Inventory:

Hand Weapons
 D - the +3 rapier of Powerful Fortitude {drain, Dex+3}
   (You took it off a deep elf elementalist on level 3 of the Elven Halls)

   A truly terrible weapon, it drains the life of any living foe it strikes.
   Dex:       It affects your dexterity (+3).
 W - the +9 dagger "Xoazaruko" {speed, Fly rCorr Dex+2}
   (You took it off a naga on level 3 of the Snake Pit)

   Attacks with this weapon are significantly faster.
   Dex:       It affects your dexterity (+2).
   Fly:       It grants you flight.
   rCorr:     It protects you from acid and corrosion.
Missiles
 F - 3 boomerangs of dispersal
 H - 3 curare-tipped darts (quivered)
Armour
 h - the +1 leather armour of the Turtledove (worn) {rPois Will+}
   (You bought it in a shop on level 10 of the Dungeon)

   rPois:     It protects you from poison.
   Will:      It increases your willpower.
 s - the +5 buckler of the Nexus (worn) {Str+2 Dex+2}
   (You bought it in a shop on level 6 of the Dungeon)

   Str:       It affects your strength (+2).
   Dex:       It affects your dexterity (+2).
 u - a +2 pair of gloves (worn)
 G - the +3 crown of Dyrovepreva (worn) {rElec Int+2 SInv}
   (You bought it in a shop on level 1 of the Snake Pit)

   Int:       It affects your intelligence (+2).
   rElec:     It insulates you from electricity.
   SInv:      It lets you see invisible.
 I - a scarf of shadows (worn)
 P - a +1 pair of boots of flying (worn)
Magical Staves
 a - a staff of poison (weapon)
 b - a staff of fire
 w - a staff of earth
Jewellery
 f - a ring of protection from cold
 i - a ring of protection from fire (left hand)
 p - a ring of willpower (right hand)
 r - a +6 ring of dexterity
 t - an amulet of regeneration
 K - an amulet of magic regeneration (around neck)
Wands
 c - a wand of digging (3)
 g - a wand of mindburst (8)
 o - a wand of charming (30)
 J - a wand of acid (35)
 L - a wand of iceblast (25)
 N - a wand of paralysis (23)
Scrolls
 j - 9 scrolls of teleportation
 k - 3 scrolls of blinking
 q - 3 scrolls of magic mapping
 v - 4 scrolls of vulnerability
 x - 3 scrolls of identify
 y - 2 scrolls of fog
 E - 3 scrolls of fear
 T - 3 scrolls of summoning
Potions
 d - 11 potions of curing
 e - 6 potions of haste
 l - 7 potions of brilliance
 n - a potion of heal wounds
 z - 2 potions of invisibility
 A - 4 potions of lignification
 B - a potion of ambrosia
 C - 4 potions of magic
Miscellaneous
 m - a tin of tremorstones (2/2)
 Q - a phial of floods
 R - a phantom mirror
 X - a condenser vane


   Skills:
 - Level 7.0 Fighting
 - Level 3.0 Armour
 - Level 12.0 Dodging
 - Level 12.0 Stealth
 - Level 7.0 Shields
 - Level 18.0 Spellcasting
 - Level 12.0 Conjurations
 - Level 14.0 Hexes
 - Level 5.0 Necromancy
 - Level 9.0 Translocations
 - Level 12.0 Transmutations
 - Level 12.0 Fire Magic
 - Level 12.0 Air Magic
 + Level 10.1 Earth Magic
 - Level 11.0 Poison Magic
 + Level 7.0 Evocations


You had 4 spell levels left.
You knew the following spells:

 Your Spells              Type           Power      Damage    Failure   Level
c - Fulminant Prism       Conj/Hex       41%        3d20      1%          4
d - Iskenderun's Mystic   Conj/Tloc      75%        2d15      1%          4
e - Irradiate             Conj/Tmut      40%        3d27      1%          5
f - Fireball              Conj/Fire      40%        3d16      1%          5
g - Eringya's Noxious Bo  Tmut/Pois      49%        N/A       1%          6
i - Ignite Poison         Fire/Tmut/Pois 100%       N/A       1%          3
l - Sublimation of Blood  Necr           28%        N/A       1%          2
o - Olgreb's Toxic Radia  Pois           97%        N/A       1%          4
r - Airstrike             Air            40%        N/A       1%          4
s - Iron Shot             Conj/Erth      38%        9d8       1%          6
t - Swiftness             Air            80%        N/A       1%          3
w - Flame Wave            Conj/Fire      80%        3d14      1%          4

Your spell library contained the following spells:

 Spells                   Type           Power      Damage    Failure   Level
 Magic Dart               Conj           100%       1d8       0%          1
 Shock                    Conj/Air       100%       1d9       0%          1
 Scorch                   Fire           100%       2d10      0%          2
 Searing Ray              Conj           100%       2d8       0%          2
 Animate Skeleton         Necr           100%       N/A       1%          1
 Apportation              Tloc           100%       N/A       1%          1
 Freeze                   Ice            100%       1d11      1%          1
 Sting                    Tmut/Pois      100%       1d8       1%          1
 Summon Small Mammal      Summ           100%       N/A       1%          1
 Corpse Rot               Necr/Air       N/A        N/A       1%          2
 Ensorcelled Hibernation  Hex/Ice        100%       N/A       1%          2
 Passwall                 Tmut/Erth      64%        N/A       1%          2
 Poisonous Vapours        Pois/Air       100%       N/A       1%          2
 Dazzling Flash           Conj/Hex       100%       N/A       1%          3
 Frozen Ramparts          Ice            54%        1d7       1%          3
 Gell's Gravitas          Tloc           35%        N/A       1%          3
 Inner Flame              Hex/Fire       83%        N/A       1%          3
 Lesser Beckoning         Tloc           70%        N/A       1%          3
 Mephitic Cloud           Conj/Pois/Air  100%       N/A       1%          3
 Portal Projectile        Hex/Tloc       100%       N/A       1%          3
 Spider Form              Tmut/Pois      49%        N/A       1%          3
 Stone Arrow              Conj/Erth      100%       3d13      1%          3
 Teleport Other           Tloc           70%        N/A       1%          3
 Tukima's Dance           Hex            85%        N/A       1%          3
 Cause Fear               Hex            42%        N/A       1%          4
 Hailstorm                Conj/Ice       60%        3d13      1%          4
 Passage of Golubria      Tloc           N/A        N/A       1%          4
 Petrify                  Tmut/Erth      77%        N/A       1%          4
 Dispel Undead            Necr           56%        3d20      2%          4
 Blade Hands              Tmut           40%        N/A       1%          5
 Freezing Cloud           Conj/Ice/Air   33%        6-21      1%          5
 Yara's Violent Unravell  Hex/Tmut       41%        3d16      1%          5
 Invisibility             Hex            42%        N/A       1%          6
 Metabolic Englaciation   Hex/Ice        31%        N/A       3%          5
 Statue Form              Tmut/Erth      51%        N/A       3%          6
 Excruciating Wounds      Necr           28%        N/A       7%          5
 Dispersal                Tloc           35%        N/A       8%          6
 Summon Forest            Summ/Tloc      27%        N/A       9%          5
 Death Channel            Necr           28%        N/A       36%         6
 Discord                  Hex            42%        N/A       38%         8
 Summon Cactus Giant      Summ           13%        N/A       96%         6
 Disjunction              Tloc           35%        N/A       97%         8
 Summon Hydra             Summ           13%        N/A       100%        7


Dungeon Overview and Level Annotations

Branches:
Dungeon (15/15)            Temple (1/1) D:6            Lair (6/6) D:9
 Shoals (4/4) Lair:4        Snake (4/4) Lair:4        Slime (0/5) Lair:6
    Orc (2/2) D:11            Elf (3/3) Orc:2        Vaults (0/5) D:14
 Depths (0/4) D:15

Altars:
Ashenzari
Cheibriados
Dithmenos
Elyvilon
Fedhas
Gozag
Hepliaklqana
Kikubaaqudgha
Makhleb
Nemelex Xobeh
Okawaru
Qazlal
Ru
Sif Muna
Trog
Uskayaw
Vehumet
Wu Jian
Xom
Yredelemnul
Zin
The Shining One
Beogh

Shops:
D:4 =   D:6 [   D:8 =   D:10 [   Orc:2 **=[(   Elf:1 *   Elf:2 :==!
Shoals:3 =   Snake:1 :!=[   Snake:4 [

Annotations:
Shoals:1 2 runed translucent doors, Woods's ghost, journeyman DsNe


Message History

You block the arrow.
The deep elf master archer shoots an arrow.
You block the arrow.
Training target 12.0 for Stealth reached!
Your Stealth skill increases to level 12!
Your Earth Magic skill increases to level 10!
Your toxic aura wanes.
Casting: Ignite Poison (safe; 1% risk of failure)
Confirm with . or Enter, or press ? or * to list all spells.
Aiming: Fulminant Prism (safe; 1% risk of failure)
Press: ? - help, Dir - move target You conjure a prism of explosive energy!
A fulminant prism comes into view.
Unknown command.
Your fulminant prism crackles loudly.
Your fulminant prism explodes!
The blast of energy engulfs the deep elf master archer!!
The deep elf master archer is heavily wounded.
Casting: Fulminant Prism (safe; 1% risk of failure)
Confirm with . or Enter, or press ? or * to list all spells.
Aiming: Fulminant Prism (safe; 1% risk of failure)
Press: ? - help, Dir - move target You conjure a prism of explosive energy!
A fulminant prism comes into view.
The deep elf master archer looks more healthy.
The deep elf master archer shoots an arrow.
The arrow barely misses you.
The deep elf master archer shoots an arrow.
The arrow hits you!!!
* * * LOW HITPOINT WARNING * * *
Casting: Fulminant Prism (safe; 1% risk of failure)
Confirm with . or Enter, or press ? or * to list all spells.
You feel a surge of power!
You begin to radiate toxic energy.
The deep elf master archer is poisoned.
The deep elf master archer looks even sicker.
The deep elf master archer shoots an arrow.
You block the arrow.
The deep elf master archer shoots an arrow.
The arrow hits you!!
You die...

...#......###e8.**,**#.....#...#
...#.....##..).#####.....8.#...#
...#....##.)..##.......#...#.8.#
#####...'..⌠..*.......##..##...#
#8########...##...#..#*...#....#
###########)##...##.#*...##....#
####8######e#...##..#..,,#....##
#######8###....##......,*#....#
*########.*...@......##..#..#
######..........###..##..#
##8###.......###...##..##
#########'####...).#...#
######................##
###8#.#.#.#........###
#####..[.......#####
###############


You could see a deep elf master archer (very poisoned, ally target) and a
friendly fulminant prism.

Vanquished Creatures
  Jorgrun (Snake:3)
  5 deep elf blademasters
  Asterion (Elf:1)
  Polyphemus (Shoals:1)
  A deep elf master archer (Elf:3)
  2 krakens (Shoals:2)
  A storm dragon (Shoals:4)
  Ilsuiw (Shoals:2)
  5 nagarajas (Snake:4)
  6 deep elf sorcerers (Elf:3)
  2 orc warlords
  Aizul (Shoals:2)
  6 deep elf elementalists
  The ghost of HuGe the Severer, a journeyman HOBe of Trog (Snake:1)
  2 deep elf demonologists (Elf:3)
  2 ice dragons
  3 deep elf annihilators (Elf:3)
  2 centaur warriors (D:14)
  2 boulder beetles
  3 catoblepae
  9 hydras
  7 deep elf death magi
  8 merfolk javelineers (Shoals:4)
  7 two-headed ogres
  13 merfolk impalers
  34 dancing weapons
  A deep elf high priest (Elf:3)
  11 naga warriors
  A tengu warrior (D:15)
  Urug (Lair:6)
  3 merfolk avatars
  An alligator snapping turtle (Shoals:4)
  9 anacondas
  3 merfolk aquamancers (Shoals:4)
  2 satyrs
  3 death yaks
  18 naga sharpshooters
  3 orc high priests
  8 shock serpents
  15 deep elf knights
  2 skeletal warriors (D:15)
  13 sea snakes
  A deep troll (shapeshifter) (Elf:2)
  7 naga ritualists
  A flayed ghost (D:15)
  A salamander mystic (Snake:3)
  A wizard (Elf:1)
  A lindwurm (Lair:6)
  A necromancer (D:15)
  A fire giant zombie (D:15)
  9 orc knights
  28 deep elf zephyrmancers
  8 deep elf archers
  24 harpies
  A frost giant zombie (D:15)
  6 orc sorcerers
  19 deep elf pyromancers
  10 mana vipers
  8 salamanders
  13 manticores
  14 fauns
  5 ugly things (D:15)
  8 cyclopes
  23 naga magi
  12 merfolk sirens
  14 elephants
  6 torpor snails
  12 water nymphs
  A guardian serpent (Snake:4)
  41 black mambas
  13 cane toads
  A gargoyle (D:13)
  An unseen horror (D:12)
  A spriggan zombie (D:15)
  A rime drake (Lair:3)
  A yaktaur (shapeshifter) (Elf:2)
  6 komodo dragons
  A freezing wraith (D:15)
  A tengu conjurer (D:15)
  3 trolls
  A meliai (shapeshifter) (D:15)
  2 polar bears
  5 large abominations (Elf:1)
  2 burning bushes (Lair:6)
  4 tyrant leeches (Lair:6)
  26 merfolk
  11 wind drakes
  7 hornets
  9 snapping turtles
  13 blink frogs
  8 slime creatures
  6 dream sheep
  A vampire (D:11)
  15 air elementals
  A shadow (D:13)
  A wraith (D:11)
  4 wyverns
  2 basilisks (Lair:6)
  21 water elementals
  4 fire elementals
  A human (shapeshifter) (D:13)
  44 yaks
  5 steam dragons
  6 vampire mosquitoes
  6 wargs
  39 nagas
  7 water moccasins
  A human zombie (D:15)
  4 acid dragons
  7 small abominations (Elf:1)
  An ice beast (D:5)
  38 orc warriors
  3 sky beasts
  A necrophage (D:6)
  2 ogres
  21 wolves
  6 centaurs
  2 phantoms
  A gnoll sergeant (D:8)
  A kobold brigand (D:10)
  Blork the orc (D:4)
  2 earth elementals
  10 bullfrogs
  A scorpion (D:4)
  A water moccasin zombie (D:6)
  A water moccasin skeleton (D:5)
  10 killer bees
  13 wights
  A howler monkey (D:8)
  A centaur zombie (D:10)
  A bullfrog zombie (D:5)
  A gnoll shaman (D:9)
  3 jellies
  A centaur skeleton (D:6)
  23 orc priests
  Terence (D:3)
  2 iguanas
  28 orc wizards
  A killer bee zombie (D:8)
  9 gnolls
  9 adders
  2 howler monkey skeletons
  A shadow imp (D:8)
  4 white imps
  3 ufetubi
  2 adder skeletons (D:2)
  2 worms
  2 dart slugs
  65 orcs
  A bat skeleton (D:2)
  9 endoplasms
  2 giant cockroaches
  9 goblins
  10 hobgoblins
  8 jackals
  A quokka (D:2)
  6 ball pythons
  A ball python skeleton (D:2)
  2 ball python zombies (D:2)
  11 bats
  5 frilled lizards
  2 giant cockroach zombies (D:2)
  13 kobolds
  A quokka skeleton (D:2)
  2 rats
  2 fulminant prisms
  3 tentacles (Shoals:2)
1153 creatures vanquished.

Vanquished Creatures (collateral kills)
  Vashnia (Snake:4)
1 creature vanquished.

Vanquished Creatures (others)
  An orc wizard (Orc:2)
  A butterfly (Lair:6)
  387 fulminant prisms
  70 fungi
  179 plants
  17 tentacles (Shoals:2)
  18 withered plants
673 creatures vanquished.

Grand Total: 1827 creatures vanquished

Notes
Turn   | Place    | Note
-------+----------+-------------------------------------------
     0 | D:1      | porpoise the Deep Elf Conjurer began the quest for the Orb.
     0 | D:1      | Reached XP level 1. HP: 10/10 MP: 6/6
   558 | D:1      | Reached XP level 2. HP: 15/15 MP: 4/8
   561 | D:1      | Learned a level 2 spell: Searing Ray
  1141 | D:2      | Found an iron altar of Okawaru.
  1357 | D:2      | Reached skill level 4 in Spellcasting
  1625 | D:2      | Reached skill level 5 in Conjurations
  1625 | D:2      | Reached XP level 3. HP: 19/19 MP: 10/10
  2826 | D:3      | Noticed Terence
  2831 | D:3      | Killed Terence
  2832 | D:3      | Reached XP level 4. HP: 24/24 MP: 12/12
  3053 | D:3      | Learned a level 4 spell: Fulminant Prism
  3058 | D:3      | Learned a level 4 spell: Iskenderun's Mystic Blast
  3096 | D:3      | Reached skill level 5 in Spellcasting
  3168 | D:3      | Reached skill level 1 in Hexes
  3494 | D:3      | Found a bloodstained altar of Trog.
  3532 | D:3      | Reached XP level 5. HP: 28/28 MP: 14/14
  4119 | D:4      | Reached skill level 6 in Spellcasting
  4299 | D:4      | Noticed Blork the orc
  4304 | D:4      | Killed Blork the orc
  4305 | D:4      | Reached XP level 6. HP: 23/32 MP: 17/17
  4416 | D:4      | Found Fayducw's Jewellery Boutique.
  5028 | D:5      | Entered Level 5 of the Dungeon
  5028 | D:5      | Noticed an ice beast
  5031 | D:5      | Killed an ice beast
  5032 | D:5      | Reached skill level 7 in Spellcasting
  5032 | D:5      | Reached skill level 5 in Hexes
  5257 | D:5      | Reached XP level 7. HP: 36/36 MP: 19/19
  5776 | D:5      | Reached skill level 1 in Translocations
  6204 | D:6      | Noticed a steam dragon
  6753 | D:6      | Reached XP level 8. HP: 41/41 MP: 20/20
  7025 | D:6      | Reached skill level 5 in Translocations
  7417 | D:6      | Reached skill level 8 in Spellcasting
  7459 | D:6      | Found Halo's Antique Armour Shoppe.
  7472 | D:6      | Reached skill level 1 in Fighting
  7503 | D:6      | Bought a pair of embroidered gloves for 187 gold pieces
  7563 | D:6      | You fall into a shaft and drop 3 floors!
  7563 | D:9      | Found a burning altar of Makhleb.
  7594 | D:9      | Noticed a two-headed ogre
  7607 | D:9      | Killed a two-headed ogre
  7608 | D:9      | Reached skill level 9 in Spellcasting
  7608 | D:9      | Reached XP level 9. HP: 14/50 MP: 3/24
  7829 | D:9      | Found a shadowy altar of Dithmenos.
  7829 | D:9      | Found a shimmering altar of Xom.
  7829 | D:9      | Found a hide-covered altar of Uskayaw.
  7830 | D:9      | Found an iron altar of Okawaru.
  7830 | D:9      | Found a stormy altar of Qazlal.
  7831 | D:9      | Found a sparkling altar of Nemelex Xobeh.
  8196 | D:9      | Found a glowing golden altar of the Shining One.
  8363 | D:7      | Reached skill level 5 in Dodging
  8564 | D:7      | Identified the +6 great mace "Zoales" {flame, Str+3}
  8693 | D:6      | Found a staircase to the Ecumenical Temple.
  8699 | Temple   | Entered the Ecumenical Temple
  8874 | Temple   | Became a worshipper of Vehumet
  9496 | D:7      | Reached skill level 1 in Shields
 10160 | D:8      | Reached skill level 10 in Spellcasting
 10636 | D:8      | Found Zeyckey's Jewellery Emporium.
 11074 | D:8      | Reached * piety under Vehumet
 11074 | D:8      | Offered knowledge of Sandblast by Vehumet.
 11107 | D:8      | Reached XP level 10. HP: 47/56 MP: 26/26
 11437 | D:8      | Learned a level 4 spell: Airstrike
 11441 | D:8      | Learned a level 3 spell: Swiftness
 11884 | D:9      | Noticed a two-headed ogre
 11890 | D:9      | Reached skill level 11 in Spellcasting
 11890 | D:9      | Killed a two-headed ogre
 11904 | D:9      | Reached skill level 12 in Spellcasting
 12122 | D:9      | Found a staircase to the Lair.
 12126 | D:9      | Reached skill level 1 in Air Magic
 12126 | D:9      | Reached skill level 1 in Evocations
 12128 | D:9      | Reached ** piety under Vehumet
 12128 | D:9      | Offered knowledge of Poisonous Vapours by Vehumet.
 12157 | D:8      | HP: 2/56 [poisoned by a killer bee]
 12983 | D:10     | Entered Level 10 of the Dungeon
 12983 | D:10     | Noticed a two-headed ogre
 12990 | D:10     | Killed a two-headed ogre
 13355 | D:10     | Reached XP level 11. HP: 60/60 MP: 22/29
 13509 | D:10     | Reached skill level 5 in Evocations
 13649 | D:10     | Found Ytedghonet's Armour Shop.
 13672 | D:10     | Learned a level 4 spell: Olgreb's Toxic Radiance
 13979 | D:10     | Noticed a two-headed ogre
 13992 | D:10     | Killed a two-headed ogre
 13993 | D:10     | Reached skill level 5 in Air Magic
 14299 | Lair:1   | Entered Level 1 of the Lair of Beasts
 14451 | Lair:1   | Offered knowledge of Stone Arrow by Vehumet.
 14528 | D:9      | Learned a level 3 spell: Stone Arrow
 14751 | D:9      | Reached skill level 5 in Stealth
 14752 | D:9      | Reached *** piety under Vehumet
 15652 | Lair:1   | Reached skill level 1 in Earth Magic
 15652 | Lair:1   | Reached skill level 1 in Poison Magic
 16906 | Lair:2   | Offered knowledge of Mephitic Cloud by Vehumet.
 17489 | Lair:2   | Noticed a four-headed hydra
 17495 | Lair:2   | Killed a four-headed hydra
 17905 | Lair:3   | Reached XP level 12. HP: 64/64 MP: 30/30
 17912 | Lair:3   | Reached skill level 5 in Earth Magic
 17912 | Lair:3   | Reached skill level 5 in Poison Magic
 18286 | Lair:3   | Reached **** piety under Vehumet
 18809 | D:6      | Bought a runed robe for 92 gold pieces
 18819 | D:6      | Bought a jewelled buckler for 237 gold pieces
 18819 | D:6      | Identified the +5 buckler of the Nexus {Str+2 Dex+2} (You
                  | bought it in a shop on level 6 of the Dungeon)
 19038 | Lair:3   | Noticed a seven-headed hydra
 19045 | Lair:3   | Killed a seven-headed hydra
 19824 | Lair:4   | Offered knowledge of Ignite Poison by Vehumet.
 20098 | Lair:4   | Found a staircase to the Snake Pit.
 20158 | Lair:4   | Reached skill level 5 in Fighting
 20302 | Lair:4   | Found a staircase to the Shoals.
 20570 | Lair:4   | Noticed a catoblepas
 20578 | Lair:4   | Killed a catoblepas
 21969 | Lair:5   | Reached XP level 13. HP: 32/72 MP: 31/31
 23475 | D:11     | Identified the +7 falchion "Pissum" {freeze, Str-3 Int+2
                  | Dex+8}
 23554 | D:11     | Reached ***** piety under Vehumet
 23627 | D:11     | Offered knowledge of Freezing Cloud by Vehumet.
 23828 | D:11     | Found a staircase to the Orcish Mines.
 24799 | D:12     | Identified the +10 short sword of Vinilype {speed, Contam
                  | rCorr Dex+2}
 25493 | D:13     | Reached skill level 10 in Hexes
 25684 | D:13     | Identified a scroll of acquirement
 25686 | D:13     | Acquired 1126 gold pieces
 26064 | D:13     | Reached skill level 13 in Spellcasting
 27208 | D:14     | Found a radiant altar of Vehumet.
 28101 | D:14     | Reached skill level 14 in Spellcasting
 28428 | D:14     | Found a gate to the Vaults.
 28609 | D:14     | Reached XP level 14. HP: 78/78 MP: 34/34
 29031 | D:15     | Entered Level 15 of the Dungeon
 29226 | D:15     | Found a staircase to the Depths.
 29245 | D:15     | Reached skill level 5 in Shields
 30904 | Lair:6   | Entered Level 6 of the Lair of Beasts
 32833 | Lair:6   | Found a staircase to the Slime Pits.
 32847 | Lair:6   | Learned a level 2 spell: Sublimation of Blood
 32853 | Lair:6   | Learned a level 5 spell: Irradiate
 33008 | Lair:6   | Offered knowledge of Conjure Ball Lightning by Vehumet.
 33247 | Lair:6   | Noticed Urug
 33255 | Lair:6   | Killed Urug
 33474 | Lair:6   | Found a runed translucent door.
 34064 | Lair:6   | Reached skill level 1 in Transmutations
 34741 | Lair:1   | Upgraded the game from 0.28-a0-500-g121bc3e445 to
                  | 0.28-a0-503-g83f2989fac
 34826 | D:10     | Bought the +1 leather armour of the Turtledove {rPois
                  | Will+} for 309 gold pieces
 34922 | Lair:1   | Upgraded the game from 0.28-a0-503-g83f2989fac to
                  | 0.28-a0-529-g3bad584f25
 35010 | Orc:1    | Entered Level 1 of the Orcish Mines
 35305 | Orc:2    | Entered Level 2 of the Orcish Mines
 35972 | Orc:2    | Found Hif Leol's Assorted Antiques.
 36006 | Orc:2    | Bought a potion of heal wounds for 165 gold pieces
 36006 | Orc:2    | Bought a bone wand for 132 gold pieces
 36006 | Orc:2    | Bought a scroll of magic mapping for 115 gold pieces
 36791 | Orc:2    | Found a staircase to the Elven Halls.
 36884 | Orc:2    | Reached XP level 15. HP: 85/85 MP: 31/35
 38320 | Orc:2    | Reached skill level 1 in Armour
 38495 | Orc:2    | Noticed an orc warlord
 38504 | Orc:2    | Killed an orc warlord
 38505 | Orc:2    | Reached skill level 5 in Transmutations
 38617 | Orc:2    | Found Raino's General Store.
 38620 | Orc:2    | Found Woashric's Jewellery Emporium.
 38647 | Orc:2    | Found Pyaleex's Antique Weapon Emporium.
 38725 | Orc:2    | Found Foxtilenit's Antique Armour Emporium.
 38732 | Orc:2    | Bought a pair of embroidered gloves for 225 gold pieces
 38773 | Orc:2    | Bought a crystal whip for 202 gold pieces
 38773 | Orc:2    | Identified the +12 whip of Mayhem {venom, Dex+4} (You
                  | bought it in a shop on level 2 of the Orcish Mines)
 38773 | Orc:2    | Bought a smoking long sword for 229 gold pieces
 38773 | Orc:2    | Identified the +5 long sword "Otala" {antimagic, rElec
                  | rPois Int-4} (You bought it in a shop on level 2 of the
                  | Orcish Mines)
 38966 | Lair:1   | Learned a level 3 spell: Lesser Beckoning
 39027 | Snake:1  | Entered Level 1 of the Snake Pit
 40234 | Snake:1  | Reached skill level 1 in Necromancy
 41203 | Snake:1  | Found Saetusko's Armour Shop.
 41211 | Snake:1  | Bought the +3 crown of Dyrovepreva {rElec Int+2 SInv} for
                  | 703 gold pieces
 41211 | Snake:1  | Found the +3 crown of Dyrovepreva {rElec Int+2 SInv}
 41211 | Snake:1  | Bought a scarf of shadows for 204 gold pieces
 41211 | Snake:1  | Bought a +1 pair of boots of flying for 280 gold pieces
 41261 | Snake:1  | Found Nohente's Jewellery Emporium.
 41268 | Snake:1  | Found Wedeagg's Distillery.
 41270 | Snake:1  | Found Weniuress's Book Emporium.
 41824 | Snake:1  | Found a runed translucent door.
 41919 | Snake:1  | Noticed HuGe's ghost (journeyman HOBe)
 41930 | Snake:1  | Killed HuGe's ghost
 42089 | Snake:1  | Identified the +6 mace of the Scavenger {vorpal, rPois rC-
                  | rCorr Int+9}
 42141 | Snake:1  | Bought a Trismegistus Codex for 392 gold pieces
 42145 | Snake:1  | Learned a level 3 spell: Ignite Poison
 42145 | Snake:1  | Upgraded the game from 0.28-a0-529-g3bad584f25 to
                  | 0.28-a0-533-g9f97627e2a
 42868 | Snake:1  | Reached skill level 5 in Necromancy
 43480 | Snake:2  | Reached skill level 10 in Conjurations
 44423 | Snake:2  | Reached skill level 10 in Air Magic
 45898 | Snake:3  | Reached XP level 16. HP: 92/92 MP: 31/36
 46352 | Snake:3  | Identified the +9 dagger "Xoazaruko" {speed, Fly rCorr
                  | Dex+2}
 47540 | Snake:3  | Noticed Jorgrun
 47544 | Snake:3  | Killed Jorgrun
 47915 | Snake:4  | Entered Level 4 of the Snake Pit
 48407 | Snake:4  | Found Gamibu's Antique Armour Emporium.
 48499 | Snake:4  | Reached skill level 15 in Spellcasting
 49711 | Snake:4  | Reached skill level 16 in Spellcasting
 49973 | Snake:4  | Reached skill level 1 in Fire Magic
 50955 | Snake:4  | Noticed Vashnia
 51223 | Snake:4  | Killed Vashnia
 51224 | Snake:4  | Reached skill level 10 in Dodging
 51278 | Snake:4  | Offered knowledge of Lightning Bolt by Vehumet.
 52287 | Snake:4  | Got a serpentine rune of Zot
 52569 | Shoals:1 | Entered Level 1 of the Shoals
 53432 | Shoals:1 | Reached XP level 17. HP: 96/96 MP: 28/39
 53472 | Shoals:1 | Reached skill level 5 in Fire Magic
 53599 | Shoals:1 | Found a large runed translucent door.
 53599 | Shoals:1 | Found a large runed translucent door.
 53603 | Shoals:1 | Noticed Woods's ghost (journeyman DsNe)
 54872 | Shoals:2 | Noticed Polyphemus
 54894 | Shoals:1 | Killed Polyphemus
 55040 | Shoals:2 | Reached skill level 10 in Transmutations
 55218 | Shoals:2 | Noticed Aizul
 55233 | Shoals:2 | Killed Aizul
 55503 | Shoals:2 | Learned a level 4 spell: Flame Wave
 55834 | Shoals:2 | Noticed a kraken
 55965 | Shoals:2 | Killed a kraken
 56565 | Shoals:2 | Noticed Ilsuiw
 56724 | Shoals:2 | Killed Ilsuiw
 57234 | Shoals:2 | Noticed a kraken
 57277 | Shoals:2 | Killed a kraken
 57446 | Shoals:3 | Reached skill level 17 in Spellcasting
 57457 | Shoals:3 | Reached ****** piety under Vehumet
 59232 | Shoals:3 | Found Sejic's Jewellery Boutique.
 59485 | Shoals:4 | Entered Level 4 of the Shoals
 60142 | Shoals:4 | Paralysed by an air elemental for 1 turns
 60143 | Shoals:4 | Offered knowledge of Fireball by Vehumet.
 60153 | Shoals:4 | Learned a level 5 spell: Fireball
 60166 | Shoals:4 | Reached skill level 18 in Spellcasting
 60168 | Shoals:4 | Paralysed by an air elemental for 1 turns
 60178 | Shoals:4 | Reached XP level 18. HP: 53/101 MP: 25/42
 61154 | Shoals:4 | Paralysed by an air elemental for 1 turns
 61955 | Shoals:4 | Identified the +1 scale mail "Hiotitub" {rElec rC+ Dex-2
                  | SInv}
 62810 | Shoals:4 | HP: 4/101 [merfolk javelineer/javelin (13)]
 64042 | Shoals:4 | Got a barnacled rune of Zot
 64393 | Elf:1    | Entered Level 1 of the Elven Halls
 64591 | Elf:1    | Found a radiant altar of Vehumet.
 64910 | Elf:1    | Offered knowledge of Lee's Rapid Deconstruction by Vehumet.
 65481 | Elf:1    | Found Haur's Assorted Antiques.
 65488 | Elf:1    | Bought a potion of heal wounds for 190 gold pieces
 66211 | Elf:1    | Learned a level 6 spell: Eringya's Noxious Bog
 66463 | Elf:1    | Paralysed by an air elemental for 1 turns
 66890 | Elf:1    | Paralysed by an air elemental for 1 turns
 66991 | Elf:1    | Found an ancient bone altar of Kikubaaqudgha.
 66991 | Elf:1    | Noticed Asterion
 66996 | Elf:1    | Killed Asterion
 67802 | Elf:2    | Found Xeruluh's Jewellery Boutique.
 67805 | Elf:2    | Found Izaemode's Distillery.
 67805 | Elf:2    | Found Qalolefo's Book Shop.
 67808 | Elf:2    | Found Imivusol's Jewellery Shop.
 67812 | Elf:2    | Bought a potion of heal wounds for 85 gold pieces
 68157 | Elf:2    | Reached skill level 10 in Fire Magic
 68775 | Elf:2    | Found a runed translucent gate.
 68776 | Elf:2    | Found a runed translucent gate.
 68776 | Elf:2    | Found a runed translucent gate.
 69200 | Elf:2    | Reached skill level 10 in Poison Magic
 69743 | Elf:2    | Reached XP level 19. HP: 93/105 MP: 23/43
 70434 | Elf:3    | Entered Level 3 of the Elven Halls
 70772 | Elf:3    | Offered knowledge of Iron Shot by Vehumet.
 71081 | Lair:1   | Learned a level 6 spell: Iron Shot
 72124 | Elf:3    | Paralysed by an air elemental for 1 turns
 72764 | Elf:3    | Reached skill level 10 in Stealth
 74025 | Elf:3    | Identified the +9 rapier "Hydraslayer" {freeze, Fragile
                  | rF++ Str+9 Int-3}
 74651 | Elf:3    | Identified the +8 mace "Concordance" {vorpal, rF+ rN++
                  | rCorr MP+9}
 75788 | Elf:3    | Identified the +3 rapier of Powerful Fortitude {drain,
                  | Dex+3}
 76008 | Elf:3    | Reached skill level 10 in Earth Magic
 76015 | Elf:3    | Shot with an arrow by a deep elf master archer

Illustrated notes

Levels and vault maps discovered:
D:1:      lemuel_arrival_broad_hall, layout_basic, columned_hall_lemuel
D:2:      layout_loops_corners, serial_undead, serial_undead_d, serial_undead_d,
          serial_undead_c, serial_undead_b, serial_undead_b, serial_undead_d,
          serial_undead_f, serial_undead_e, basic_altar, minmay_door_square
D:3:      layout_loops_cross, lemuel_tele_altar, minmay_diced_spiral,
          uniq_terence
D:4:      layout_rooms, serial_shops, shop, roderic_batcave, uniq_blork_the_orc
D:5:      layout_cave_pools, grunt_ministairs_7, minivault_1,
          wad_floor_pattern_untrapped, serial_bayou_pond_d,
          chequers_serial_rivers_small_b
D:6:      layout_cave_pools, minmay_temple_entry_hall, serial_shops,
          nicolae_shop_temple_entry_statues_fountains
D:7:      layout_loops_corners
D:8:      layout_layer_cave, serial_shops, kennysheep_mini_moat, enter_bailey_4,
          nrook_loot_triangle
D:9:      layout_loops_ring, grunt_temple_overflow_open, tso_metal_star,
          erik_lair_orcish_takeover, minmay_circle_x
D:10:     layout_long_grid, minmay_shop_grid_forest, minmay_statues_item
D:11:     layout_basic, orc_0_dummy
D:12:     layout_irregular_city
D:13:     dragon1_lemuel, layout_loops_ring
D:14:     layout_loops_corners, erik_vaults_1, vehumet_crystals
D:15:     gammafunk_depths_entry_grave, layout_gridville
Temple:   nicolae_temple_figure_eight
Lair:1:   layout_cave_pods, grunt_megastairs_3
Lair:2:   layout_gridlike, chequers_serial_rivers_small_3,
          infiniplex_staircase_pool_2
Lair:3:   layout_regular_city
Lair:4:   layout_misc_corridors, minmay_shoals_entry_lonely_mermaid,
          minmay_snake_entry_guardpost_medium, st_stairs_9,
          chequers_serial_rivers_room_a, grunt_megastairs_2,
          serial_bayou_shore_a
Lair:5:   layout_regular_city, chequers_serial_rivers_micro_d,
          beast_lair_carwin_5
Lair:6:   wormcave, layout_regular_city, nicolae_slime_entry_slimehenge,
          evilmike_ambush [evilmike_ambush_outer_basic,
          evilmike_ambush_inner_cross], lemuel_fruit_fields, uniq_urug
Shoals:1: layout_shoals, ebering_ghost_disaster_area
Shoals:2: layout_shoals, uniq_ilsuiw, uniq_polyphemus, uniq_aizul
Shoals:3: layout_shoals, minmay_shop_enchanted_jewellery
Shoals:4: shoals_end_hellmonk_storm_palace [storm_palace_center_square,
          storm_palace_corner_blocked, storm_palace_corner_grid,
          storm_palace_corner_pillars, storm_palace_corner_pillars]
Snake:1:  layout_rooms, ebering_ghost_reflecting_pool, serial_shops, shop,
          nicolae_snake_boneroom, minmay_shop_star
Snake:2:  layout_gridlike
Snake:3:  layout_concentric_octagons, drop_trap, lemuel_fruit_tree, uniq_jorgrun
Snake:4:  snake_pit, layout_cave_town, serial_shops, nicolae_shop_waterfront,
          uniq_vashnia
Orc:1:    layout_diamond_mine, basic_altar, guppyfry_library_mini
Orc:2:    grunt_orc_cross, layout_caves, serial_shops, shop
Elf:1:    eino_elf_arrival_altar, layout_geoelf_octagon, serial_shops,
          nicolae_shop_stone, hangedman_elven_crosses_minicolossus, laboratory,
          lemuel_upstairs_altar, uniq_asterion
Elf:2:    nicolae_elf_blades_crystal_corner, layout_geoelf_grid,
          minmay_shoptagon
Elf:3:    minmay_elf_hall_statues, layout_geoelf_grid, special_room
          [special_room_orc]

Skill      XL: |  1  2  3  4  5  6  7  8  9 10 11 12 13 14 15 16 17 18 19 |
---------------+----------------------------------------------------------+-----
Spellcasting   | 4 5 6 7 9 10 12 14 16 18 | 18.0
Conjurations   | 5 6 7 8 9 11 12 | 12.0
Hexes          | 1 3 6 7 9 12 13 14 | 14.0
Translocations | 4 6 7 9 |  9.0
Fighting       | 3 5 6 7 |  7.0
Dodging        | 4 5 7 8 9 10 12 | 12.0
Shields        | 3 4 7 |  7.0
Air Magic      | 4 7 9 10 12 | 12.0
Evocations     | 4 5 7 |  7.0
Stealth        | 7 9 12 | 12.0
Earth Magic    | 4 7 10 | 10.1
Poison Magic   | 4 7 10 11 | 11.0
Transmutations | 3 7 8 12 | 12.0
Armour         | 3 |  3.0
Necromancy     | 5 |  5.0
Fire Magic     | 4 5 11 12 | 12.0

Action                   |  1- 3 |  4- 6 |  7- 9 | 10-12 | 13-15 | 16-18 | 19-21 || total
-------------------------+-------+-------+-------+-------+-------+-------+-------++-------
Melee: Dagger            |       |       |       |     4 |     3 |    11 |     1 ||    19
       Whip              |       |       |       |       |     5 |       |       ||     5
       Staff             |       |       |       |       |       |     3 |     1 ||     4
 Fire: Fustibalus        |       |       |    54 |    66 |   122 |    39 |       ||   281
Throw: Dart              |       |    13 |    13 |       |     4 |     1 |       ||    31
       Stone             |       |       |     6 |       |       |       |       ||     6
 Cast: Magic Dart        |    30 |    48 |       |       |     5 |     1 |     1 ||    85
       Searing Ray       |    21 |    28 |    78 |   104 |    90 |     5 |       ||   326
       Fulminant Prism   |       |     1 |     9 |    48 |   205 |   124 |     3 ||   390
       Iskenderun's Myst |       |       |     9 |    71 |   149 |   151 |    19 ||   399
       Stone Arrow       |       |       |       |    12 |   168 |   318 |    10 ||   508
       Olgreb's Toxic Ra |       |       |       |     8 |    48 |   151 |    61 ||   268
       Airstrike         |       |       |       |       |     7 |    10 |       ||    17
       Irradiate         |       |       |       |       |    37 |    41 |     1 ||    79
       Ignite Poison     |       |       |       |       |       |   242 |   103 ||   345
       Flame Wave        |       |       |       |       |       |     4 |       ||     4
       Fireball          |       |       |       |       |       |    16 |     5 ||    21
       Swiftness         |       |       |       |       |       |     1 |       ||     1
       Iron Shot         |       |       |       |       |       |       |     7 ||     7
Evoke: Wand              |       |       |       |     2 |     4 |     5 |       ||    11
       Tin of tremorston |       |       |       |       |       |     1 |       ||     1
  Use: Scroll            |     3 |     3 |    10 |     8 |    10 |    10 |     7 ||    51
       Potion            |       |       |       |     4 |       |     4 |     2 ||    10
 Stab: Sleeping          |       |       |       |     1 |     2 |     1 |     1 ||     5
Armor: Robe              |       |     1 |     6 |     3 |    22 |       |       ||    32
       Steam dragon scal |       |       |       |    12 |       |       |       ||    12
       Leather armour    |       |       |       |       |    34 |    74 |     4 ||   112
Dodge: Dodged            |     5 |    12 |    70 |   180 |   138 |   233 |    17 ||   655
Block: Buckler           |       |       |       |    57 |   110 |   174 |    15 ||   356

Table legend: (Time is in decaauts)
 A = Elapsed time spent in this place.
 B = Non-inter-level travel time spent in this place.
 C = Inter-level travel time spent in this place.
 D = Time resting spent in this place.
 E = Time spent auto-exploring this place.
 F = Levels seen in this place.
 G = Mean time per level.
                   A        B        C        D        E       F      G
               +--------+--------+--------+--------+--------+-----+--------+
         Total |  76294 |  71365 |   4929 |  39560 |  19952 |  35 | 2179.8 |
       Dungeon |  23280 |  21433 |   1847 |   9909 |   9038 |  15 | 1552.0 |
        Temple |    220 |    208 |     12 |      0 |    204 |   1 |  220.0 |
          Lair |  13810 |  12366 |   1444 |   5835 |   4261 |   6 | 2301.7 |
        Shoals |  11471 |  11214 |    257 |   6725 |   2281 |   4 | 2867.8 |
     Snake Pit |  12717 |  12403 |    314 |   8269 |   2294 |   4 | 3179.2 |
  Orcish Mines |   4238 |   3854 |    384 |   2309 |    543 |   2 | 2119.0 |
   Elven Halls |  10555 |   9885 |    670 |   6512 |   1330 |   3 | 3518.3 |
               +--------+--------+--------+--------+--------+-----+--------+

Top non-repeatable levels by time:
   Elf:3: 4592 daAuts
 Snake:1: 3557 daAuts
 Snake:4: 3266 daAuts
   Elf:1: 3236 daAuts
Shoals:4: 3220 daAuts
  Lair:4: 3184 daAuts
 Snake:2: 3057 daAuts
Shoals:3: 3007 daAuts
     D:9: 2888 daAuts
 Snake:3: 2835 daAuts
  Lair:1: 2754 daAuts
Shoals:1: 2747 daAuts
   Elf:2: 2726 daAuts
   Orc:2: 2631 daAuts
  Lair:5: 2504 daAuts
